 Dungeon Crawl Stone Soup version 0.30.1-6-gbe392663c4 (webtiles) character file.

Game seed: 12393371379295529018

3964 Ivernyr the Cruncher (level 10, -13/80 HPs)
             Began as a Formicid Fighter on Sept 20, 2023.
             Was a Follower of Wu Jian.
             Killed from afar by an acid dragon (20 damage)
             ... with a splash of acid
             ... on level 9 of the Dungeon.
             The game lasted 00:17:09 (8603 turns).

Ivernyr the Cruncher (Formicid Fighter)             Turns: 8603, Time: 00:17:09

Health: -13/80     AC:  3    Str: 25    XL:     10   Next: 45%
Magic:  10/10      EV:  8    Int:  8    God:    Wu Jian [*.....]
Gold:   511        SH: 15    Dex: 13    Spells: 9/9 levels left

rFire   . . .        a - +0 quarterstaff
rCold   . . .        f - +0 tower shield
rNeg    + . .        b - +3 ring mail {rN+}
rPois   .            (helmet unavailable)
rElec   .            (no cloak)
rCorr   .            (no gloves)
SInv    +            x - +0 pair of boots
Will    ++...        (no amulet)
Stlth   +            y - ring of willpower
HPRegen 0.33/turn    (no ring)
MPRegen 0.12/turn

%: clarity
@: corroded
A: permanent stasis, dig shafts and tunnels, antennae 3, four strong arms,
talons 1, clarity, wild magic 1
a: Dig, Shaft Self, Renounce Religion


You were on level 9 of the Dungeon.
You worshipped Wu Jian.
Wu Jian was aware of your devotion.
You visited 2 branches of the dungeon, and saw 11 of its levels.

You collected 511 gold pieces.

Inventory:

Hand Weapons
 a - a +0 quarterstaff (weapon)
Missiles
 s - a throwing net
Armour
 b - a +3 ring mail of positive energy (worn)
 f - a +0 tower shield (worn)
 x - a +0 pair of boots (worn)
Jewellery
 y - a ring of willpower (left hand)
Wands
 g - a wand of polymorph (4)
 t - a wand of digging (7)
 v - a wand of quicksilver (3)
Scrolls
 c - a scroll of magic mapping
 e - 2 scrolls of fog {unknown}
 h - 2 scrolls of vulnerability {unknown}
 m - a scroll of poison {unknown}
 n - 2 scrolls of noise {unknown}
 o - a scroll of silence {unknown}
 p - a scroll of enchant weapon {unknown}
 r - a scroll of butterflies {unknown}
Potions
 d - a potion of might
 i - 4 potions of mutation
 k - a potion of heal wounds
 q - a potion of cancellation
 u - a potion of flight
 w - a potion of berserk rage {unknown}
 z - a potion of curing


   Skills:
 + Level 7.8 Fighting
 * Level 9.4 Staves
 + Level 7.8 Armour
 + Level 9.4 Shields


You had 9 spell levels left.
You didn't know any spells.
Your spell library contained the following spells:

 Spells                   Type           Power      Damage    Failure   Level
 Kiss of Death            Conj/Necr      0%         2d5       95%         1
 Necrotise                Necr           0%         1d4       95%         1
 Sting                    Tmut/Pois      0%         1d3       95%         1
 Poisonous Vapours        Pois/Air       0%         N/A       98%         2
 Confusing Touch          Hex            0%         N/A       100%        3
 Tukima's Dance           Hex            0%         N/A       100%        3
 Vampiric Draining        Necr           0%         2d6       100%        3
 Dispel Undead            Necr           0%         3d6       100%        4
 Olgreb's Toxic Radiance  Pois           0%         N/A       100%        4
 Agony                    Necr           0%         N/A       100%        5
 Metabolic Englaciation   Hex/Ice        0%         N/A       100%        5
 Storm Form               Tmut/Air       0%         N/A       100%        7


Dungeon Overview and Level Annotations

Branches:
Dungeon (10/15)            Temple (1/1) D:6
   Lair: D:8-11         Orc: D:9-12

Altars:
Ashenzari
Elyvilon
Fedhas
Kikubaaqudgha
Makhleb
Okawaru
Qazlal
Ru
Trog
Uskayaw
Wu Jian
Xom
Yredelemnul
Zin
The Shining One

Annotations:
D:6 2 runed translucent doors, FishyPogo's ghost, novice GnTm


Innate Abilities, Weirdness & Mutations

You cannot be hasted, slowed, berserked, paralysed or teleported.
You can dig through walls and to a lower floor.
You have a pair of large antennae on your head. (SInv)
Your four strong arms can wield two-handed weapons with a shield.
You have sharp toenails.
You possess an exceptional clarity of mind.
Your spells are a little harder to cast, but a little more powerful.


Message History

You kill the wyvern!
The Council accepts your kill.
g - a wand of polymorph (4)
You now have 495 gold pieces (gained 19).
Items here: )) [[ ††.
You sense a monster nearby.
A bullfrog comes into view.
The bullfrog gives a loud, deep croak!
You lunge at the bullfrog.
You barely miss the bullfrog. You block the bullfrog's attack. x2
You barely miss the bullfrog. You block the bullfrog's attack.
You closely miss the bullfrog.
The bullfrog snags a nearby centipede with its tongue.
You block the bullfrog's attack.
The bullfrog hits you but does no damage.
You sock the bullfrog!
The bullfrog is heavily wounded.
You block the bullfrog's attack.
The bullfrog hits you but does no damage.
You sock the bullfrog!
You kill the bullfrog!
The Council accepts your kill.
Items here: )) [[ ††.
You now have 511 gold pieces (gained 16).
Items here: )) [[ ††.
An acid dragon comes into view.
The acid dragon roars!
The acid dragon spits acid at you. The splash of acid hits you!!
The acid dragon spits acid at you. The splash of acid hits you.
The acid corrodes you! The acid dragon spits acid at you.
The splash of acid hits you!! The acid dragon spits acid at you.
The splash of acid hits you!!
* * * LOW HITPOINT WARNING * * *
The acid corrodes you! The acid dragon spits acid at you.
The splash of acid hits you!!
You die...

######### #........ #.####+##
#.## . ###########
########..#.... ..........#
#..)).....'#
#########.########.######.##..#
#.##............#..#..#
#.......@...###.#..# .#
#.D#######..# #.##.' ' ###..#
#..# #.# ##. #. ####
##.#..#######..# #.# ..
...###.........D....# #.D .#
...<...)........###.# #..
##.####.#..###...##.# #.# #<#
#.#...........# #.# #.#
#.#..###...####


You could see an acid dragon (catching breath).

Vanquished Creatures
  A centaur warrior (D:10)
  3 wyverns
  A basilisk (D:8)
  An acid dragon (D:10)
  4 water moccasins
  3 orc warriors
  3 ice beasts
  A black bear (D:5)
  4 centaurs
  A kobold brigand (D:7)
  4 bullfrogs
  A phantom (D:6)
  A scorpion (D:6)
  A howler monkey (D:6)
  2 jellies (D:6)
  2 orc priests (D:8)
  2 hounds (D:6)
  7 orc wizards
  5 sleepcaps
  6 iguanas
  4 adders
  3 gnolls (D:4)
  3 white imps
  2 worms
  4 dart slugs
  21 orcs
  5 bats
  9 endoplasms
  2 giant cockroaches
  8 goblins
  7 hobgoblins
  7 jackals
  9 kobolds
  4 quokkas
  7 ball pythons
  2 frilled lizards (D:1)
  6 rats
156 creatures vanquished.

Notes
Turn   | Place    | Note
-------+----------+-------------------------------------------
     0 | D:1      | Ivernyr the Formicid Fighter began the quest for the Orb.
     0 | D:1      | Reached XP level 1. HP: 18/18 MP: 1/1
   130 | D:1      | Reached XP level 2. HP: 24/24 MP: 2/2
   352 | D:1      | Reached XP level 3. HP: 24/29 MP: 3/3
  1012 | D:2      | Reached XP level 4. HP: 35/37 MP: 4/4
  1762 | D:3      | Found a shimmering altar of Xom.
  1787 | D:3      | Reached XP level 5. HP: 40/42 MP: 5/5
  2596 | D:4      | Reached skill level 5 in Shields
  2825 | D:4      | Reached XP level 6. HP: 37/48 MP: 6/6
  3255 | D:5      | Entered Level 5 of the Dungeon
  3382 | D:5      | Found a sacrificial altar of Ru.
  3517 | D:5      | Reached XP level 7. HP: 18/55 MP: 7/7
  3679 | D:5      | Found a hide-covered altar of Uskayaw.
  3885 | D:5      | Found an ancient bone altar of Kikubaaqudgha.
  3896 | D:5      | Found a stormy altar of Qazlal.
  3997 | D:5      | Reached skill level 5 in Staves
  4325 | D:6      | Found a large runed translucent door.
  4325 | D:6      | Found a large runed translucent door.
  4327 | D:6      | Noticed FishyPogo's ghost (novice GnTm)
  4545 | D:6      | Noticed a wyvern
  4554 | D:6      | Killed a wyvern
  4555 | D:6      | Reached skill level 5 in Fighting
  4555 | D:6      | Reached skill level 5 in Armour
  4779 | D:6      | Reached XP level 8. HP: 24/62 MP: 8/8
  5099 | D:6      | Found a staircase to the Ecumenical Temple.
  5262 | Temple   | Entered the Ecumenical Temple
  5288 | Temple   | Became a worshipper of the Wu Jian Council
  5948 | D:6      | Got Hobaoh's Essays on the Oath and Sculpting
  6314 | D:6      | HP: 2/64 [sleepcap (18)]
  6316 | D:6      | Gained mutation: You have sharp toenails. [potion of
                  | mutation]
  6316 | D:6      | Gained mutation: Your spells are a little harder to cast,
                  | but a little more powerful. [potion of mutation]
  6316 | D:6      | Gained mutation: You possess an exceptional clarity of
                  | mind. [potion of mutation]
  6477 | D:6      | Reached XP level 9. HP: 69/69 MP: 9/9
  7235 | D:7      | Found an iron altar of Okawaru.
  7394 | D:7      | You fall into a shaft and drop 3 floors!
  7394 | D:10     | Entered Level 10 of the Dungeon
  7439 | D:10     | Noticed a centaur warrior
  7457 | D:10     | Killed a centaur warrior
  7458 | D:10     | Reached XP level 10. HP: 24/79 MP: 10/10
  8177 | D:8      | Reached * piety under Wu Jian
  8592 | D:9      | HP: 3/80 [acid dragon/splash of acid (27)]
  8603 | D:9      | Killed from afar by an acid dragon

Illustrated notes

Levels and vault maps discovered:
D:1:      scummos_arrival_simple_fountains, layout_loops_corners,
          dk_noncrumbling_3, minmay_heptomino_l4
D:2:      layout_basic
D:3:      layout_loops_corners, xom_teletrap_fun, kennysheep_generic_room_2
D:4:      layout_basic
D:5:      layout_loops_ring, mainiacjoe_overflow_cross_hatched,
          lemuel_doored_altar, kennysheep_mini, nicolae_ru_awakened_eye,
          kb_lookout_dungeons_type, minmay_misc_feat_roman,
          minmay_misc_feat_square
D:6:      minmay_octagon_keep, layout_basic, minmay_temple_entry_nine_rooms,
          ebering_ghost_disaster_area, patterned_corridor
D:7:      layout_basic, overflow_temple_1_default, enter_bailey_8
D:8:      layout_cave_pods, grunt_gozag_breadcrumbs, minmay_lair_entry_grove,
          serial_shops, nicolae_shop_overgrown_old_shop,
          nicolae_shop_hallway_plus, grunt_decor_one_mirror
D:9:      layout_loops_ring, mainiacjoe_overflow_24_doors,
          mainiacjoe_overflow_catch_the_wave, zombieorc2_lemuel
D:10:     layout_basic, grunt_temple_overflow_diamond, enter_trove_6
Temple:   chequers_temple_sunken

Skill      XL: |  1  2  3  4  5  6  7  8  9 10 |
---------------+-------------------------------+-----
Staves         | 3 4 5 6 8 9 |  9.4
Armour         | 4 5 6 7 |  7.8
Fighting       | 4 5 6 7 |  7.8
Shields        | 5 6 7 8 9 |  9.4

Action                     |  1- 3 |  4- 6 |  7- 9 | 10-12 || total
---------------------------+-------+-------+-------+-------++-------
  Melee: Quarterstaff      |    92 |   218 |   252 |   141 ||   703
         Kick              |       |       |    20 |       ||    20
Ability: Lunge             |       |       |     1 |     6 ||     7
    Use: Potion            |       |       |     4 |     2 ||     6
         Scroll            |       |       |     3 |     4 ||     7
 Armour: Scale mail        |    25 |    82 |    47 |       ||   154
         Ring mail         |       |       |    31 |    36 ||    67
  Dodge: Dodged            |    17 |    54 |    42 |    30 ||   143
  Block: Tower shield      |    67 |   185 |   192 |    80 ||   524
